 Dungeon Crawl Stone Soup version 0.28.0-53-g5a82cb258f (webtiles) character file.

Game seed: 9557980973035805804

224 Ashen the Chiller (level 5, -2/38 HPs)
             Began as a Demonspawn Ice Elementalist on Aug 18, 2022.
             Slain by an ogre
             ... wielding a +0 giant club
              (13 damage)
             ... on level 4 of the Dungeon.
             The game lasted 00:11:08 (4503 turns).

Ashen the Chiller (Demonspawn Ice Elementalist)     Turns: 4503, Time: 00:11:09

Health: -2/38      AC: 11    Str:  8    XL:     5   Next: 67%
Magic:  3/9        EV: 12    Int: 19    God:
Gold:   173        SH:  4    Dex: 13    Spells: 3/10 levels left

rFire   . . .      SeeInvis .   b - +0 whip
rCold   . . .      Faith    .   (no shield)
rNeg    . . .      Spirit   .   p - +1 robe {Will+}
rPois   .          Reflect  .   (no helmet)
rElec   .          Harm     .   (no cloak)
rCorr   .          Rampage  .   (no gloves)
Will    +....                   (no boots)
Stlth   ++........              i - amulet of the acrobat
HPRegen 0.12/turn               (no ring)
MPRegen 0.11/turn               (no ring)

@: ice-armoured, freezing walls
A: yellow scales 1, condensation shield, demonic touch 1
a: no special abilities


You were on level 4 of the Dungeon.
You visited 1 branch of the dungeon, and saw 4 of its levels.

You collected 173 gold pieces.

Inventory:

Hand Weapons
 b - a +0 whip (weapon)
Armour
 p - a +1 robe of willpower (worn)
Jewellery
 i - an amulet of the acrobat (around neck)
 m - a ring of magical power
Scrolls
 c - 4 scrolls of identify {unknown}
 d - 2 scrolls of immolation {unknown}
 e - 2 scrolls of teleportation {unknown}
 h - a scroll of torment {unknown}
 j - 3 scrolls of fear {unknown}
 k - a scroll of enchant weapon {unknown}
 l - a scroll of summoning {unknown}
 n - a scroll of holy word {unknown}
Potions
 f - 4 potions of curing {unknown}
 g - 2 potions of haste {unknown}
 o - a potion of heal wounds {unknown}


   Skills:
 + Level 2.2 Fighting
 + Level 2.8 Dodging
 + Level 3.1 Stealth
 + Level 3.0 Spellcasting
 + Level 4.2 Ice Magic


You had 3 spell levels left.
You knew the following spells:

 Your Spells              Type           Power      Damage    Failure   Level
a - Freeze                Ice            76%        1d9       2%          1
b - Frozen Ramparts       Ice            38%        1d5       8%          3
c - Ozocubu's Armour      Ice            19%        N/A       8%          3

Your spell library contained the following spells:

 Spells                   Type           Power      Damage    Failure   Level
 Foxfire                  Conj/Fire      8%         2x1d4     16%         1
 Blink                    Tloc           4%         N/A       22%         2
 Conjure Flame            Conj/Fire      2%         6-21      41%         3
 Inner Flame              Hex/Fire       2%         N/A       41%         3
 Lesser Beckoning         Tloc           2%         N/A       41%         3
 Hailstorm                Conj/Ice       10%        3d5       54%         4
 Flame Wave               Conj/Fire      2%         2d4       83%         4
 Manifold Assault         Tloc           2%         N/A       99%         5


Dungeon Overview and Level Annotations

Branches:
Dungeon (4/15)
 Temple: D:4-7

Altars:
Qazlal
Trog
Xom


Innate Abilities, Weirdness & Mutations

You are partially covered in yellow scales. (AC +2)
A meltable shield of frost defends you. (SH +4)
Your touch may inflict minor irresistible damage on your foes.


Message History

HP restored.
Things that are here:
a +0 dagger; a +1 robe of willpower; a goblin corpse You now have 173 gold pieces (gained 3).
Things that are here:
a +0 club; a +0 ring mail; a goblin skeleton
Found a stone staircase leading up.
Search for what [? for help]? .
Things that are here:
a +0 club; a +0 ring mail; a goblin skeleton
Things that are here:
a +0 dagger; a +1 robe of willpower; a goblin corpse You start removing your armour.
You continue taking off your +0 robe. x4
You finish taking off your +0 robe.
You start putting on your armour.
You continue putting on your +1 robe of willpower. x5
You finish putting on your +1 robe of willpower.
You feel strong-willed.
You drop a +0 robe.
An ogre comes into view. It is wielding a +0 giant club.
An ogre is nearby!
The ogre shouts!
Casting: Freeze (safe; 2% risk of failure)
Confirm with . or Enter, or press ? or * to list all spells.
Casting: Frozen Ramparts (dangerous; 8% risk of failure)
Press: ? - help, Dir - look around, f - activate The walls around you are covered in ice.
Casting: Frozen Ramparts (dangerous; 8% risk of failure)
Confirm with . or Enter, or press ? or * to list all spells.
A film of ice covers your body!
The wall freezes the ogre.
You barely miss the ogre.
The ogre is lightly wounded.
The wall freezes the ogre.
The ogre hits you with a +0 giant club!!
Ouch! That really hurt!
* * * LOW HITPOINT WARNING * * *
You hit the ogre.
The ogre is moderately wounded.
The wall freezes the ogre.
The ogre hits you with a +0 giant club!
You die...

.......#......# ##.
.........##..##.##### #
.......####...#>).#.# #.
#...........###..... #..
#.......#.........[.
#...#.......#...........
#.....................#8
##....................#.
#.....O@..............#8
##....##.#.#..........#.
#... ###<#....##....#8
### #####...#..###.
####...###..##8
##......##...##.
#......#......##
##....###....## ##.###
#...##


You could see an ogre.

Vanquished Creatures
  2 hounds (D:4)
  3 gnolls (D:4)
  3 adders
  An adder skeleton (D:4)
  2 worms (D:4)
  4 dart slugs
  8 orcs
  2 bats
  7 endoplasms
  2 giant cockroaches
  9 hobgoblins
  4 jackals (D:4)
  2 quokkas (D:1)
  6 ball pythons
  A frilled lizard (D:3)
  10 goblins
  7 kobolds
  8 rats
81 creatures vanquished.

Notes
Turn   | Place    | Note
-------+----------+-------------------------------------------
     0 | D:1      | Ashen the Demonspawn Ice Elementalist began the quest for
                  | the Orb.
     0 | D:1      | Reached XP level 1. HP: 13/13 MP: 3/3
   452 | D:1      | Gained mutation: You are partially covered in yellow
                  | scales. (AC +2) [demonic ancestry]
   452 | D:1      | Reached XP level 2. HP: 12/20 MP: 1/5
  1510 | D:2      | Reached skill level 1 in Fighting
  1510 | D:2      | Reached XP level 3. HP: 18/26 MP: 3/6
  2270 | D:3      | Found a bloodstained altar of Trog.
  2656 | D:3      | Found a shimmering altar of Xom.
  2813 | D:3      | Gained mutation: Your touch may inflict minor irresistible
                  | damage on your foes. [demonic ancestry]
  2813 | D:3      | Reached XP level 4. HP: 27/32 MP: 2/7
  2935 | D:3      | Found a stormy altar of Qazlal.
  3132 | D:3      | Learned a level 3 spell: Frozen Ramparts
  3136 | D:3      | Learned a level 3 spell: Ozocubu's Armour
  3250 | D:4      | Reached skill level 4 in Ice Magic
  3351 | D:4      | Gained mutation: A meltable shield of frost defends you.
                  | (SH +4) [demonic ancestry]
  3351 | D:4      | Reached XP level 5. HP: 22/38 MP: 3/9
  4097 | D:4      | Noticed an ogre
  4497 | D:4      | Noticed an ogre
  4503 | D:4      | Slain by an ogre

Illustrated notes

Levels and vault maps discovered:
D:1:      dpeg_arrival_windows_large_door, layout_basic, lemuel_another_geyser
D:2:      layout_basic
D:3:      layout_basic, grunt_qazlal_clouds, lemuel_crystal_altar, bloody_trog,
          minmay_box_of_dots
D:4:      kennysheep_the_goblin_king, layout_cave_pools, serial_column_ruins,
          column_ruins_circle_medium, column_ruins_hut, column_ruins_open_tiny,
          column_ruins_open_small, column_ruins_grid_1, column_ruins_open_tiny,
          column_ruins_open_tiny, kennysheep_generic_room_2

Skill      XL: |  1  2  3  4  5 |
---------------+----------------+-----
Stealth        | 2 3 |  3.1
Dodging        | 2 |  2.8
Fighting       | 1 2 |  2.2
Ice Magic      | 4 |  4.2
Spellcasting   | 3 |  3.0

Action                   |  1- 3 |  4- 6 || total
-------------------------+-------+-------++-------
Melee: Whip              |    36 |    63 ||    99
       Unarmed           |     1 |       ||     1
       Touch             |       |    17 ||    17
 Cast: Freeze            |    69 |    28 ||    97
       Frozen Ramparts   |       |     5 ||     5
       Ozocubu's Armour  |       |     2 ||     2
 Stab: Sleeping          |     4 |       ||     4
Armor: Robe              |    15 |    19 ||    34
Dodge: Dodged            |    61 |    55 ||   116
Block: Other             |       |     7 ||     7
